 Dungeon Crawl Stone Soup version 0.31-a0-949-g57150269e1 (webtiles) character file.

Game seed: 4091484753649397471

9277 skwerlee the Severer (level 11, -12/90 HPs)
             Began as a Gargoyle Berserker on Oct 22, 2023.
             Was an Elder of Trog.
             Mangled by a cane toad (14 damage)
             ... on level 10 of the Dungeon.
             The game lasted 00:22:06 (8786 turns).

skwerlee the Severer (Gargoyle Berserker)           Turns: 8786, Time: 00:22:07

Health: -12/90     AC: 25    Str: 28    XL:     11   Next: 44%
Magic:  11/11      EV:  7    Int:  8    God:    Trog [****..]
Gold:   501        SH:  0    Dex:  9    Spells: 10/10 levels left

rFire   . . .        M - +1 trident (flame)
rCold   . . .        m - orb {light}
rNeg    + . .        p - +0 plate armour
rPois   ∞            (no helmet)
rElec   +            (no cloak)
rCorr   .            k - +2 pair of gloves {Str+3}
SInv    .            h - +2 pair of boots
Will    .....        g - amulet of the acrobat Stlth
                     (no ring)
HPRegen 0.35/turn    (no ring)
MPRegen 0.12/turn

%: acrobat
@: berserking (expiring), glowing, very quick
A: sickness immunity, AC +8, negative energy resistance 1, electricity
resistance, torment resistance 1, petrification resistance
a: Renounce Religion, Berserk, Trog's Hand, Brothers in Arms


You were on level 10 of the Dungeon.
You worshipped Trog.
Trog was greatly pleased with you.
You visited 2 branches of the dungeon, and saw 11 of its levels.
You also visited: Bailey.

You collected 598 gold pieces.
You spent 97 gold pieces at shops.

Inventory:

Hand Weapons
 x - a +4 war axe
 M - a +1 trident of flaming (weapon)
Missiles
 E - 2 throwing nets
Armour
 d - a +1 pair of gloves
 h - a +2 pair of boots (worn)
 k - a +2 pair of gloves of strength (worn)
 m - an orb of light (worn)
 p - a +0 plate armour (worn)
Jewellery
 g - an amulet of the acrobat (around neck)
Wands
 l - a wand of polymorph (7)
 B - a wand of iceblast (7)
 F - a wand of mindburst (7)
 L - a wand of paralysis (3)
Scrolls
 c - a scroll of poison
 i - 2 scrolls of silence {unknown}
 n - a scroll of vulnerability {unknown}
 s - a scroll of teleportation
 y - a scroll of noise
 z - a scroll of summoning {unknown}
 A - a scroll of blinking
 C - a scroll of identify
 D - 4 scrolls of fog {unknown}
 H - a scroll of fear {unknown}
 I - a scroll of brand weapon {unknown}
 J - 3 scrolls of enchant armour
 K - a scroll of revelation
Potions
 a - a potion of might {unknown}
 b - a potion of berserk rage {unknown}
 e - 2 potions of enlightenment
 f - 2 potions of heal wounds
 j - 2 potions of cancellation
 o - 2 potions of attraction
 q - 3 potions of brilliance {unknown}
 r - a potion of degeneration {unknown}
 t - 2 potions of curing {unknown}
 u - 4 potions of haste
 v - a potion of mutation {unknown}
 w - a potion of magic {unknown}
 G - a potion of invisibility {unknown}


   Skills:
 - Level 3.7 Fighting
 + Level 15.8 Axes
 - Level 2.4 Armour
 - Level 1.6 Dodging
 + Level 1.4 Stealth
 + Level 1.4 Evocations


You had 10 spell levels left.
You didn't know any spells.
Your spell library was empty.

Dungeon Overview and Level Annotations

Branches:
Dungeon (10/15)            Temple (0/1) D:7            Lair (1/5) D:10
 Bailey (visited)
    Orc: D:9-12

Altars:
Fedhas
Makhleb
Okawaru
Sif Muna
Xom
Zin

Shops:
D:1 :   D:4 *   D:6 *   D:10 =

Annotations:
D:6 1 runed translucent door, Thrassey's ghost, novice OpWr


Innate Abilities, Weirdness & Mutations

You are immune to sickness and miasma.
Your stone body is resilient. (AC +8)
You are immune to poison.
You resist negative energy. (rN+)
You are resistant to electric shocks. (rElec)
You are resistant to unholy torment.
You are immune to petrification.


Message History

You puncture the five-headed hydra! You burn the five-headed hydra.
You kill the five-headed hydra!
Trog accepts your kill. The cane toad stings you!
* * * LOW HITPOINT WARNING * * *
The black mamba bites you but does no damage.
The black mamba bites you but does no damage.
The cane toad stings you!
* * * LOW HITPOINT WARNING * * *
You climb upwards.
Welcome back to the Dungeon!
You feel a strong urge to attack something.
There is a staircase to the Lair here.
You puncture the black mamba! You burn the black mamba.
The black mamba is heavily wounded.
The black mamba bites you but does no damage.
You puncture the black mamba! You burn the black mamba.
The black mamba is severely wounded.
The cane toad barely misses you.
The black mamba bites you but does no damage.
You barely miss the black mamba.
The black mamba is severely wounded.
The black mamba bites you but does no damage.
The cane toad stings you but does no damage.
You impale the black mamba!! You burn the black mamba.
You kill the black mamba!
Trog accepts your kill.
You puncture the cane toad! You burn the cane toad.
The cane toad is moderately wounded.
The cane toad stings you.
* * * LOW HITPOINT WARNING * * *
You puncture the cane toad! You burn the cane toad.
The cane toad is severely wounded.
You barely miss the cane toad.
The cane toad is severely wounded.
The cane toad stings you!
* * * LOW HITPOINT WARNING * * *
You puncture the cane toad! You burn the cane toad.
The cane toad is almost dead.
The cane toad stings you!
You die...

.).....###..#.######### ####
#.............~≈≈≈≈~≈... ....
......~.(....~≈≈≈≈≈≈.~..~ ##
..##....~..~~~≈≈≈≈≈~..~... #.
..##...~.~.~≈≈≈≈≈≈≈~~~~~..# #.
..##...~≈~~.~~~≈≈~~~≈≈.~..##
#>..
[.##..~≈≈≈≈~~.~≈~~.≈≈~~.....
#.# ..##..~≈†~~~~....F~~≈≈~.~.#
. ...#............@..≈≈≈~...#
.# ##.#...~~~~~~~~...~≈≈.≈≈~.#
#.#
##.......~≈≈≈...~..~~≈(...##..#
###..~~~~≈≈≈~~~.~≈~~.~...#..#
#.....~≈≈≈~~≈≈~≈~≈≈~≈......#
#.#....~~~..~~.~~~..≈.....# #
#..............~..~....##
#......................#
###..####(.#####..##...##


You could see a cane toad.

Vanquished Creatures
  A hydra (Lair:1)
  3 two-headed ogres
  A black mamba (D:10)
  3 trolls
  Sigmund (D:4)
  2 wyverns
  3 spriggans (Bailey)
  5 yaks (D:9)
  A wraith (D:7)
  Grum (D:10)
  A steam dragon (D:9)
  2 acid dragons
  2 water moccasins
  2 ice beasts
  A sky beast (D:6)
  A black bear (D:8)
  4 ogres
  4 wolves (D:10)
  A centaur (D:8)
  A bullfrog (D:8)
  4 gnoll sergeants
  3 scorpions
  9 wights (D:8)
  3 electric eels (D:10)
  A howler monkey (D:6)
  A jelly (D:5)
  11 hounds
  A gnoll bouda (D:8)
  7 orc priests
  3 iguanas
  7 orc wizards
  Robin (D:4)
  24 gnolls
  5 adders
  A shadow imp (D:7)
  A white imp (D:5)
  2 ufetubi (D:6)
  A worm (D:2)
  4 dart slugs
  23 orcs
  3 endoplasms
  3 giant cockroaches (D:1)
  23 goblins
  13 hobgoblins
  8 jackals
  10 kobolds
  4 quokkas
  8 ball pythons
  5 bats
  2 frilled lizards
  2 rats
233 creatures vanquished.

Notes
Turn   | Place    | Note
-------+----------+-------------------------------------------
     0 | D:1      | skwerlee the Gargoyle Berserker began the quest for the
                  | Orb.
     0 | D:1      | Reached XP level 1. HP: 14/14 MP: 1/1
   155 | D:1      | Found Jetoke Race's Book Shop.
   168 | D:1      | Reached XP level 2. HP: 18/19 MP: 2/2
   194 | D:1      | Reached skill level 3 in Axes
   332 | D:1      | Reached XP level 3. HP: 21/24 MP: 3/3
   718 | D:1      | You fall into a shaft and drop 1 floor!
   784 | D:2      | Reached ** piety under Trog
  1034 | D:2      | Reached XP level 4. HP: 23/29 MP: 4/4
  1083 | D:2      | Reached skill level 4 in Axes
  1149 | D:2      | Found a shimmering altar of Xom.
  1886 | D:3      | Reached XP level 5. HP: 33/33 MP: 5/5
  2493 | D:4      | Found a burning altar of Makhleb.
  2495 | D:4      | Found a glowing silver altar of Zin.
  2495 | D:4      | Noticed an angel
  2495 | D:4      | Noticed a cacodemon
  2656 | D:4      | Noticed Robin
  2662 | D:4      | Reached skill level 5 in Axes
  2674 | D:4      | Reached *** piety under Trog
  2679 | D:4      | Killed Robin
  2761 | D:4      | Found Rariehiu's Elemental Accessories.
  2775 | D:4      | Noticed Sigmund
  2782 | D:4      | Killed Sigmund
  2783 | D:4      | Reached skill level 6 in Axes
  2783 | D:4      | Reached XP level 6. HP: 38/38 MP: 6/6
  2864 | D:4      | Noticed an ice beast
  2871 | D:4      | Killed an ice beast
  2934 | D:4      | Reached XP level 7. HP: 42/42 MP: 7/7
  3171 | D:4      | Reached skill level 7 in Axes
  3480 | D:5      | Entered Level 5 of the Dungeon
  3770 | D:5      | Reached skill level 8 in Axes
  3911 | D:5      | Reached XP level 8. HP: 48/48 MP: 8/8
  4288 | D:6      | Reached skill level 9 in Axes
  4481 | D:6      | Found a runed translucent door.
  4482 | D:6      | Noticed Thrassey's ghost (novice OpWr)
  4496 | D:6      | Found Eeepliy's Eclectic Emporium.
  4504 | D:6      | Bought a scroll of enchant weapon for 97 gold pieces
  4583 | D:6      | Reached skill level 1 in Stealth
  4741 | D:7      | Found a staircase to the Ecumenical Temple.
  4792 | D:7      | Reached **** piety under Trog
  4888 | D:7      | Noticed a wraith
  4906 | D:7      | Killed a wraith
  4907 | D:7      | Reached skill level 10 in Axes
  5058 | D:7      | Noticed a troll
  5062 | D:7      | Killed a troll
  5063 | D:7      | Reached XP level 9. HP: 52/52 MP: 9/9
  5361 | D:8      | Reached skill level 11 in Axes
  5856 | D:8      | Reached skill level 12 in Axes
  6413 | D:9      | Noticed a two-headed ogre
  6432 | D:9      | Reached XP level 10. HP: 26/56 MP: 10/10
  6432 | D:9      | Killed a two-headed ogre
  6433 | D:9      | Reached skill level 13 in Axes
  6663 | D:9      | Identified the +8 quarterstaff of Jeeviaha {pain, rPois
                  | Str-4 Int+3 Dex+5}
  6725 | D:9      | Noticed a two-headed ogre
  6734 | D:9      | Killed a two-headed ogre
  6915 | D:9      | Found a shimmering blue altar of Sif Muna.
  6928 | D:9      | Reached skill level 1 in Evocations
  6937 | D:9      | Reached skill level 14 in Axes
  7727 | D:10     | Entered Level 10 of the Dungeon
  7749 | D:10     | Found a blossoming altar of Fedhas.
  7750 | D:10     | Noticed Grum
  7771 | D:10     | Killed Grum
  7977 | D:10     | Found Wop Luasm's Jewellery Emporium.
  7985 | D:10     | Reached XP level 11. HP: 47/60 MP: 11/11
  8076 | D:10     | Found an iron altar of Okawaru.
  8168 | D:10     | Found a flagged portal.
  8196 | Bailey   | Entered a bailey
  8230 | Bailey   | Reached skill level 15 in Axes
  8415 | Bailey   | Noticed a two-headed ogre
  8422 | Bailey   | Killed a two-headed ogre
  8610 | D:10     | Found a staircase to the Lair.
  8705 | Lair:1   | Entered Level 1 of the Lair of Beasts
  8705 | Lair:1   | Noticed a five-headed hydra
  8776 | Lair:1   | Killed a five-headed hydra
  8785 | D:10     | HP: 1/90 [cane toad (15)]
  8786 | D:10     | Mangled by a cane toad

Illustrated notes

Levels and vault maps discovered:
D:1:      psy_arrival_basics, layout_basic, serial_shops,
          nicolae_shop_behind_doors, dk_noncrumbling_4, minmay_misc_feat_five,
          minmay_heptomino_d4
D:2:      layout_basic, basic_altar
D:3:      layout_loops_ring, kennysheep_doodads, kennysheep_generic_room_11
D:4:      layout_loops_corners, grunt_temple_overflow_order_and_chaos_2,
          nicolae_elemental_shop, uniq_robin, uniq_sigmund
D:5:      layout_rooms
D:6:      layout_rooms, gammafunk_ghost_grave, nicolae_alphabet_shops
D:7:      layout_basic, minmay_temple_entry_mist
D:8:      layout_gridville
D:9:      layout_stronghold, lemuel_tele_altar
D:10:     layout_rooms, okawaru_trees_1, fedhas_altar_2, erik_lair_island,
          orc_0_dummy, serial_shops, nicolae_shop_gaudy_bauble, enter_bailey_5,
          uniq_grum, uniq_harold
Lair:1:   layout_gridlike, serial_bayou_crossing, serial_bayou_shore_a,
          grunt_megastairs_4

Skill      XL: |  1  2  3  4  5  6  7  8  9 10 11 |
---------------+----------------------------------+-----
Axes           | 3 4 6 8 10 12 14 15 | 15.8
Stealth        | 1 |  1.4
Evocations     | 1 |  1.4
Fighting       | |  3.7
Armour         | |  2.4
Dodging        | |  1.6

Action                     |  1- 3 |  4- 6 |  7- 9 | 10-12 || total
---------------------------+-------+-------+-------+-------++-------
  Melee: Hand axe          |   110 |   116 |    92 |       ||   318
         Punch             |     2 |       |       |       ||     2
         War axe           |       |       |   191 |   167 ||   358
         Trident           |       |       |       |    13 ||    13
 Invoke: Berserk           |       |     4 |     5 |     4 ||    13
         Trog's Hand       |       |       |       |     1 ||     1
  Evoke: Wand              |       |       |     1 |       ||     1
    Use: Scroll            |       |     3 |    13 |       ||    16
         Potion            |       |       |     1 |       ||     1
 Armour: Animal skin       |    32 |       |       |       ||    32
         Chain mail        |    39 |    12 |       |       ||    51
         Plate armour      |       |    63 |   231 |   205 ||   499
  Dodge: Dodged            |    75 |    60 |   139 |   108 ||   382

Table legend: (Time is in decaauts)
 A = Elapsed time spent in this place.
 B = Non-inter-level travel time spent in this place.
 C = Inter-level travel time spent in this place.
 D = Time resting spent in this place.
 E = Time spent auto-exploring this place.
 F = Levels seen in this place.
 G = Mean time per level.
                   A        B        C        D        E       F      G
               +--------+--------+--------+--------+--------+-----+--------+
         Total |   8872 |   8629 |    243 |   1939 |   5111 |  12 |  739.3 |
       Dungeon |   8527 |   8284 |    243 |   1775 |   5012 |  10 |  852.7 |
          Lair |      9 |      9 |      0 |      0 |      0 |   1 |    9.0 |
        Bailey |    335 |    335 |      0 |    164 |     99 |   1 |  335.0 |
               +--------+--------+--------+--------+--------+-----+--------+

Top non-repeatable levels by time:
     D:9: 1518 daAuts
     D:4: 1033 daAuts
     D:8: 994 daAuts
     D:3: 896 daAuts
     D:2: 879 daAuts
     D:5: 734 daAuts
     D:1: 727 daAuts
    D:10: 674 daAuts
     D:7: 615 daAuts
     D:6: 452 daAuts
  Bailey: 335 daAuts
  Lair:1: 9 daAuts
